Map: Blueshift LE

Players

Future

  • Race: Terran Terran
  • League: Grandmaster
  • Spawn Location: 1:00

MCanning - Winner!

  • Race: Protoss Protoss
  • League: Grandmaster
  • Spawn Location: 7:00

VOD

Have the link to the VOD?

Description

Time

  • Played on: Oct. 30, 2018, 9:37 p.m.
  • Length: 4:02
Show
View Real Time Build Order
Export as new Build Order

Future Terran 

Build Orders: Cyclone Opening 

Get SALT Encoding   

  12  0:00  SCV  
  13  0:13  SCV  
  14  0:19  Supply Depot  
  14  0:25  SCV  
  15  0:41  SCV, Barracks  
  16  0:47  Refinery  
  16  0:53  SCV  
  17  1:02  Refinery  
  17  1:05  SCV  
  18  1:17  SCV  
  19  1:29  Barracks Tech Lab  
  19  1:30  Orbital Command  
  19  1:43  Factory  
  19  1:46  Supply Depot  
  19  1:52  Marauder  
  21  1:56  Concussive Shells  
  21  2:01  SCV  
  22  2:13  Marauder  
  24  2:16  Supply Depot  
  24  2:27  Cyclone  
  29  2:37  Marauder  
  30  2:58  Marauder  
  30  3:00  Cyclone  
  34  3:12  SCV  
  33  3:26  Marauder  
  27  3:42  SCV  
Show
View Real Time Build Order
Export as new Build Order

MCanning Protoss - Winner!

Build Orders:  

Get SALT Encoding   

  12  0:01  Probe  
  13  0:13  Probe  
  14  0:17  Pylon  
  14  0:29  Probe  
  14  0:35  Gateway  
  15  0:37  Probe  
  16  0:45  Probe  
  16  0:47  Assimilator  
  17  0:57  Probe  
  18  1:09  Probe  
  19  1:17  Assimilator  
  19  1:20  Pylon  
  19  1:21  Probe  
  19  1:24  Cybernetics Core  
  20  1:33  Probe  
  23  1:44  Pylon  
  23  1:45  Probe  
  22  1:51  Stalker  
  25  2:03  Shield Battery  
  24  2:10  Robotics Facility  
  24  2:20  Stalker  
  26  2:26  Probe  
  27  2:41  Gateway  
  27  2:44  Shield Battery  
  27  2:47  Immortal  
  31  3:06  Probe  
  31  3:11  Stalker  
Tags
 
Add a new tag
Caveats
  • Supply blocks, unpowered buildings, or Contaminate may cause inaccurate times.
  • Supply counts are checked every 10 seconds.